NYP
MILWAUKEE (NYP) BREWERS @ CINCINNATI (NYP) REDS
07/02/2044
 
TOP OF THE 1ST
Milwaukee (NYP) Brewers batting - Pitching for Cincinnati (NYP) Reds : RHP Joaquin Villalobos
Pitching: RHP Joaquin Villalobos
Batting: RHB Brian Landrum 0-0: Ground out 3-1 (Groundball, 34, EV 101.9 MPH)
Batting: RHB Vinny Estrada 0-0: Ball
1-0: Ball
2-0: Ball
3-0: Called Strike
3-1: SINGLE (Groundball, 6S, EV 72.5 MPH) (infield hit)
Batting: SHB Mitchell Greene 0-0: Ball
Vinny Estrada steals 2nd base (no throw)
1-0: Ground out U3 (Groundball, 3, EV 90.0 MPH)
Vinny Estrada to third
Batting: RHB Skyler Goss 0-0: Foul Ball, location: 2F
0-1: Foul Ball, location: 2F
0-2: Strikes out swinging
Top of the 1st over - 0 runs, 1 hit, 0 errors, 1 left on base; Milwaukee (NYP) 0 - Cincinnati (NYP) 0
BOTTOM OF THE 1ST
Cincinnati (NYP) Reds batting - Pitching for Milwaukee (NYP) Brewers : RHP Zach Green
Pitching: RHP Zach Green
Batting: SHB Bryan Johnston 0-0: Called Strike
0-1: Ground out 5-3 (Groundball, 56, EV 86.2 MPH)
Batting: RHB Marcus Carter 0-0: Swinging Strike
0-1: Swinging Strike
0-2: Foul Ball, location: 2F
0-2: Ball
1-2: Strikes out swinging
Batting: RHB Ricky Carbajal 0-0: Called Strike
0-1: Ball
1-1: Swinging Strike
1-2: Ball
2-2: Strikes out swinging
Bottom of the 1st over - 0 runs, 0 hits, 0 errors, 0 left on base; Milwaukee (NYP) 0 - Cincinnati (NYP) 0
TOP OF THE 2ND
Milwaukee (NYP) Brewers batting - Pitching for Cincinnati (NYP) Reds : RHP Joaquin Villalobos
Batting: LHB Aaron Mobley 0-0: Called Strike
0-1: Foul Ball, location: 2F
0-2: Foul Ball, location: 2F
0-2: Strikes out swinging
Batting: RHB Bobby McCann 0-0: Ball
1-0: SINGLE (Groundball, 23, EV 73.1 MPH) (infield hit)
Batting: RHB Bryant Thies 0-0: Called Strike
0-1: Ball
Bobby McCann steals 2nd, throwing error, E2
Bobby McCann to third
1-1: Fly out, F8 (Flyball, 8RS, EV 93.8 MPH)
Batting: RHB Derek Halliwill 0-0: Fly out, F8 (Flyball, 8RS, EV 95.6 MPH)
Top of the 2nd over - 0 runs, 1 hit, 1 error, 1 left on base; Milwaukee (NYP) 0 - Cincinnati (NYP) 0
BOTTOM OF THE 2ND
Cincinnati (NYP) Reds batting - Pitching for Milwaukee (NYP) Brewers : RHP Zach Green
Batting: RHB Jamie Ingram 0-0: Called Strike
0-1: Ball
1-1: Ball
2-1: Ground out 4-3 (Groundball, 4, EV 82.5 MPH)
Batting: RHB Kagetoki Kawai 0-0: Fly out, F8 (Flyball, 8RXD, EV 83.8 MPH)
Batting: RHB Bill Hainey 0-0: Ball
1-0: Swinging Strike
1-1: Foul Ball, location: 2F
1-2: SINGLE (Groundball, 56D, EV 95.6 MPH)
Batting: RHB Dave Ruiz 0-0: Ball
1-0: Fielders Choice at 2nd, 6-4 (Groundball, 6, EV 101.2 MPH)
Bottom of the 2nd over - 0 runs, 1 hit, 0 errors, 1 left on base; Milwaukee (NYP) 0 - Cincinnati (NYP) 0
TOP OF THE 3RD
Milwaukee (NYP) Brewers batting - Pitching for Cincinnati (NYP) Reds : RHP Joaquin Villalobos
Batting: SHB Adam Slade 0-0: Ball
1-0: Swinging Strike
1-1: Ground out 5-3 (Groundball, 56, EV 87.5 MPH)
Batting: RHB Brian Landrum 0-0: Ball
1-0: Swinging Strike
1-1: Foul Ball, location: 2F
1-2: Ball
2-2: TRIPLE (Line Drive, 78XD, EV 100.6 MPH)
Batting: RHB Vinny Estrada 0-0: Called Strike
0-1: SINGLE (Groundball, 56S, EV 64.4 MPH) (infield hit)
Brian Landrum scores
Batting: SHB Mitchell Greene 0-0: Ball
1-0: Ball
2-0: Called Strike
2-1: Swinging Strike
2-2: Ball
3-2: Strikes out swinging
Batting: RHB Skyler Goss 0-0: Called Strike
0-1: Called Strike
0-2: Fielders Choice at 2nd, 6-4 (Groundball, 6, EV 93.1 MPH)
Top of the 3rd over - 1 run, 2 hits, 0 errors, 1 left on base; Milwaukee (NYP) 1 - Cincinnati (NYP) 0
BOTTOM OF THE 3RD
Cincinnati (NYP) Reds batting - Pitching for Milwaukee (NYP) Brewers : RHP Zach Green
Batting: RHB Chae-seong Lee 0-0: Called Strike
0-1: Ball
1-1: Swinging Strike
1-2: Strikes out looking
Batting: LHB Josiah Leath 0-0: Ball
1-0: Ball
2-0: Ball
3-0: Base on Balls
Batting: SHB Bryan Johnston 0-0: Foul Ball, location: 2F
0-1: Ball
1-1: Called Strike
1-2: Ball
2-2: Fly out, F8 (Flyball, 8LXD, EV 95.6 MPH)
Batting: RHB Marcus Carter 0-0: Ball
1-0: Ball
2-0: Ball
3-0: Foul Ball, location: 2F
3-1: Fly out, F8 (Flyball, 8RD, EV 108.8 MPH)
Bottom of the 3rd over - 0 runs, 0 hits, 0 errors, 1 left on base; Milwaukee (NYP) 1 - Cincinnati (NYP) 0
TOP OF THE 4TH
Milwaukee (NYP) Brewers batting - Pitching for Cincinnati (NYP) Reds : RHP Joaquin Villalobos
Batting: LHB Aaron Mobley 0-0: Called Strike
0-1: Foul Ball, location: 2F
0-2: TRIPLE (Line Drive, 78XD, EV 106.2 MPH)
Batting: RHB Bobby McCann 0-0: Ball
1-0: Called Strike
1-1: Ground out U3 (Groundball, 34, EV 83.8 MPH)
Aaron Mobley scores
Batting: RHB Bryant Thies 0-0: Called Strike
0-1: Ball
1-1: Swinging Strike
1-2: Strikes out looking
Batting: RHB Derek Halliwill 0-0: Ball
1-0: Ground out 6-3 (Groundball, 6M, EV 84.4 MPH)
Top of the 4th over - 1 run, 1 hit, 0 errors, 0 left on base; Milwaukee (NYP) 2 - Cincinnati (NYP) 0
BOTTOM OF THE 4TH
Cincinnati (NYP) Reds batting - Pitching for Milwaukee (NYP) Brewers : RHP Zach Green
Batting: RHB Ricky Carbajal 0-0: Ball
1-0: Called Strike
1-1: Ball
2-1: Ball
3-1: Base on Balls
Batting: RHB Jamie Ingram 0-0: Called Strike
Ricky Carbajal steals 2nd base
0-1: Ball
1-1: Ball
2-1: Foul Ball, location: 2F
2-2: Ball
3-2: SINGLE (Flyball, 6MD, EV 86.9 MPH)
Ricky Carbajal to third
Batting: RHB Kagetoki Kawai 0-0: Called Strike
0-1: Foul Ball, location: 2F
0-2: Strikes out swinging
Batting: RHB Bill Hainey 0-0: Foul Ball, location: 2F
0-1: Ball
1-1: Ball
2-1: Ball
3-1: Base on Balls
Jamie Ingram to second
Batting: RHB Dave Ruiz 0-0: Ball
1-0: Called Strike
1-1: Fly out, F4 (Popup, 34, EV 60.6 MPH)
Batting: RHB Chae-seong Lee 0-0: Ball
1-0: Fielders Choice at 2nd, 6-4 (Groundball, 6, EV 91.2 MPH)
Bottom of the 4th over - 0 runs, 1 hit, 0 errors, 3 left on base; Milwaukee (NYP) 2 - Cincinnati (NYP) 0
TOP OF THE 5TH
Milwaukee (NYP) Brewers batting - Pitching for Cincinnati (NYP) Reds : RHP Joaquin Villalobos
Batting: SHB Adam Slade 0-0: Ball
1-0: Ball
2-0: Swinging Strike
2-1: Called Strike
2-2: Foul Ball, location: 2F
2-2: Foul Ball, location: 2F
2-2: Ball
3-2: DOUBLE (Flyball, 8LXD, EV 91.9 MPH)
Batting: RHB Brian Landrum 0-0: Called Strike
0-1: Swinging Strike
0-2: Ball
1-2: Strikes out swinging, 2-3 out at first.
Batting: RHB Vinny Estrada 0-0: Ball
1-0: Ground out 4-3 (Groundball, 4, EV 96.2 MPH)
Adam Slade to third
Batting: SHB Mitchell Greene 0-0: Called Strike
0-1: Foul Ball, location: 2F
0-2: Strikes out swinging
Top of the 5th over - 0 runs, 1 hit, 0 errors, 1 left on base; Milwaukee (NYP) 2 - Cincinnati (NYP) 0
BOTTOM OF THE 5TH
Cincinnati (NYP) Reds batting - Pitching for Milwaukee (NYP) Brewers : RHP Zach Green
Batting: LHB Josiah Leath 0-0: Called Strike
0-1: Ball
1-1: Swinging Strike
1-2: Ball
2-2: Ball
3-2: Ground out 6-3 (Groundball, 6M, EV 98.1 MPH)
Batting: SHB Bryan Johnston 0-0: Fly out, F6 (Popup, 6M, EV 53.1 MPH)
Batting: RHB Marcus Carter 0-0: Foul Ball, location: 2F
0-1: Foul Ball, location: 2F
0-2: Ball
1-2: Ball
2-2: Strikes out swinging
Bottom of the 5th over - 0 runs, 0 hits, 0 errors, 0 left on base; Milwaukee (NYP) 2 - Cincinnati (NYP) 0
TOP OF THE 6TH
Milwaukee (NYP) Brewers batting - Pitching for Cincinnati (NYP) Reds : RHP Joaquin Villalobos
Batting: RHB Skyler Goss 0-0: Called Strike
0-1: SINGLE (Groundball, 6MD, EV 96.9 MPH)
Batting: LHB Aaron Mobley 0-0: Called Strike
0-1: Foul Ball, location: 2F
0-2: Strikes out swinging
Batting: RHB Bobby McCann 0-0: Called Strike
0-1: Swinging Strike
0-2: Ball
1-2: Ball
2-2: Foul Ball, location: 2F
2-2: Strikes out looking
Batting: RHB Bryant Thies 0-0: Ball
Wild Pitch!
Skyler Goss to second
1-0: Ball
2-0: Fly out, F8 (Flyball, 89S, EV 90.6 MPH)
Top of the 6th over - 0 runs, 1 hit, 0 errors, 1 left on base; Milwaukee (NYP) 2 - Cincinnati (NYP) 0
BOTTOM OF THE 6TH
Cincinnati (NYP) Reds batting - Pitching for Milwaukee (NYP) Brewers : RHP Zach Green
Pitching: RHP Odmar van de Vijver
Batting: RHB Ricky Carbajal 0-0: Ball
1-0: Swinging Strike
1-1: Ball
2-1: Foul Ball, location: 2F
2-2: Ball
3-2: Ground out 5-3 (Groundball, 56S, EV 82.5 MPH)
Batting: RHB Jamie Ingram 0-0: Ball
1-0: Ball
2-0: Called Strike
2-1: Foul Ball, location: 2F
2-2: Foul Ball, location: 2F
2-2: Foul Ball, location: 2F
2-2: Ground out 5-3 (Groundball, 56, EV 102.5 MPH)
Batting: RHB Kagetoki Kawai 0-0: Ball
1-0: Fly out, F7 (Flyball, 7, EV 87.5 MPH)
Bottom of the 6th over - 0 runs, 0 hits, 0 errors, 0 left on base; Milwaukee (NYP) 2 - Cincinnati (NYP) 0
TOP OF THE 7TH
Milwaukee (NYP) Brewers batting - Pitching for Cincinnati (NYP) Reds : RHP Joaquin Villalobos
Batting: RHB Derek Halliwill 0-0: Ball
1-0: Called Strike
1-1: Foul Ball, location: 2F
1-2: Ball
2-2: Strikes out swinging
Batting: SHB Adam Slade 0-0: Called Strike
0-1: Ball
1-1: Ball
2-1: Ground out 4-3 (Groundball, 4, EV 103.1 MPH)
Batting: RHB Brian Landrum 0-0: Foul Ball, location: 2F
0-1: Called Strike
0-2: Ground out U3 (Groundball, 34, EV 90.6 MPH)
Top of the 7th over - 0 runs, 0 hits, 0 errors, 0 left on base; Milwaukee (NYP) 2 - Cincinnati (NYP) 0
BOTTOM OF THE 7TH
Cincinnati (NYP) Reds batting - Pitching for Milwaukee (NYP) Brewers : RHP Odmar van de Vijver
Now at 3B: Brad Wren
Now in RF: Bryant Thies
Batting: RHB Bill Hainey 0-0: Called Strike
0-1: Swinging Strike
0-2: Ground out 6-3 (Groundball, 6, EV 76.2 MPH)
Batting: RHB Dave Ruiz 0-0: Called Strike
0-1: Ground out 6-3 (Groundball, 6S, EV 92.5 MPH)
Batting: RHB Chae-seong Lee 0-0: Swinging Strike
0-1: Fly out, F7 (Flyball, 7, EV 89.4 MPH)
Bottom of the 7th over - 0 runs, 0 hits, 0 errors, 0 left on base; Milwaukee (NYP) 2 - Cincinnati (NYP) 0
TOP OF THE 8TH
Milwaukee (NYP) Brewers batting - Pitching for Cincinnati (NYP) Reds : RHP Joaquin Villalobos
Batting: RHB Brad Wren 0-0: Ball
1-0: Foul Ball, location: 2F
1-1: Foul Ball, location: 2F
1-2: Foul Ball, location: 2F
1-2: Strikes out swinging
Batting: SHB Mitchell Greene 0-0: Called Strike
0-1: Foul Ball, location: 2F
0-2: Strikes out swinging
Batting: RHB Skyler Goss 0-0: Foul Ball, location: 2F
0-1: Ball
1-1: Fly out, F8 (Flyball, 8LXD, EV 86.9 MPH)
Top of the 8th over - 0 runs, 0 hits, 0 errors, 0 left on base; Milwaukee (NYP) 2 - Cincinnati (NYP) 0
BOTTOM OF THE 8TH
Cincinnati (NYP) Reds batting - Pitching for Milwaukee (NYP) Brewers : RHP Odmar van de Vijver
Pitching: LHP Dustin Waller
Pinch Hitting: RHB Logan Smith 0-0: Reached on error, E5 (Groundball, 56, EV 102.5 MPH)
Pitching: RHP Julian Urbina
Batting: SHB Bryan Johnston 0-0: Ball
1-0: Called Strike
1-1: Ball
2-1: Ball
3-1: Foul Ball, location: 2F
3-2: Fly out, F7 (Flyball, 7S, EV 86.2 MPH)
Pinch Hitting: LHB Marty Hafner 0-0: Ball
1-0: Ball
2-0: Ball
3-0: Base on Balls
Logan Smith to second
Pinch Runner at 2nd Alfredo Razo:
Batting: RHB Ricky Carbajal 0-0: Ball
1-0: Called Strike
1-1: Ball
2-1: Foul Ball, location: 2F
2-2: Strikes out swinging
Batting: RHB Jamie Ingram 0-0: Foul Ball, location: 2F
0-1: Ball
1-1: Ground out 4-3 (Groundball, 4, EV 86.9 MPH)
Bottom of the 8th over - 0 runs, 0 hits, 1 error, 2 left on base; Milwaukee (NYP) 2 - Cincinnati (NYP) 0
TOP OF THE 9TH
Milwaukee (NYP) Brewers batting - Pitching for Cincinnati (NYP) Reds : RHP Joaquin Villalobos
Now at 2B: Alfredo Razo
Now at 3B: Felipe Pineda
Batting: LHB Aaron Mobley 0-0: Ball
1-0: Foul Ball, location: 2F
1-1: Foul Ball, location: 2F
1-2: Ball
2-2: Fly out, F9 (Flyball, 89S, EV 95.6 MPH)
Pitching: RHP Markus Bevan
Batting: RHB Bobby McCann 0-0: Ground out 6-3 (Groundball, 6, EV 90.6 MPH)
Batting: RHB Bryant Thies 0-0: Called Strike
0-1: Ball
1-1: Called Strike
1-2: Foul Ball, location: 2F
1-2: Ball
2-2: Strikes out swinging
Top of the 9th over - 0 runs, 0 hits, 0 errors, 0 left on base; Milwaukee (NYP) 2 - Cincinnati (NYP) 0
BOTTOM OF THE 9TH
Cincinnati (NYP) Reds batting - Pitching for Milwaukee (NYP) Brewers : RHP Julian Urbina
Pitching: RHP Javy Uribe
Batting: RHB Kagetoki Kawai 0-0: Foul Ball, location: 2F
0-1: Swinging Strike
0-2: SINGLE (Groundball, 6D, EV 112.5 MPH)
Batting: RHB Bill Hainey 0-0: Ball
1-0: Swinging Strike
1-1: Ball
2-1: Foul Ball, location: 2F
2-2: SINGLE (Groundball, 6MD, EV 103.8 MPH)
Kagetoki Kawai to second
Batting: RHB Dave Ruiz 0-0: Sac Bunt to 13 - play at first, batter OUT! 1-3
Kagetoki Kawai to third
Bill Hainey to second
Pinch Hitting: SHB Jeffrey Louter 0-0: Swinging Strike
0-1: Called Strike
0-2: Strikes out swinging
Pinch Hitting: RHB Alex Cruz 0-0: Ball
1-0: Ball
2-0: Ball
3-0: Called Strike
3-1: Foul Ball, location: 2F
3-2: Ground out 6-3 (Groundball, 6, EV 88.8 MPH)
Bottom of the 9th over - 0 runs, 2 hits, 0 errors, 2 left on base; Milwaukee (NYP) 2 - Cincinnati (NYP) 0
Thursday, March 31st , 2022 - OOTP Baseball 22.12 Build 89